 Dungeon Crawl Stone Soup version 0.31-a0-117-g42d8f58691 (webtiles) character file.

Game seed: 13949127343308370009

151 lunkers the Slasher (level 4, -2/37 HPs)
             Began as a Demigod Fighter on May 30, 2023.
             Slain by an orc
             ... wielding a +0 flail
              (7 damage)
             ... on level 4 of the Dungeon.
             The game lasted 00:05:04 (1480 turns).

lunkers the Slasher (Demigod Fighter)               Turns: 1480, Time: 00:05:04

Health: -2/37      AC:  7    Str: 17    XL:     4   Next: 85%
Magic:  6/6        EV:  9    Int: 10    God:
Gold:   123        SH:  0    Dex: 17    Spells: 3/3 levels left

rFire   . . .        a - +0 long sword
rCold   . . .        c - +0 buckler
rNeg    . . .        b - +0 scale mail
rPois   .            (no helmet)
rElec   .            r - scarf {+Inv}
rCorr   .            q - +0 pair of gloves
SInv    .            (no boots)
Will    .....        (no amulet) Stlth
                     (no ring)
HPRegen 0.26/turn    (no ring)
MPRegen 0.10/turn

%: no passive effects
@: confused
A: high MP 1, forlorn, divine attributes
a: Evoke Invisibility


You were on level 4 of the Dungeon.
You visited 1 branch of the dungeon, and saw 4 of its levels.

You collected 123 gold pieces.

Inventory:

Hand Weapons
 a - a +0 long sword (weapon)
Armour
 b - a +0 scale mail (worn)
 c - a +0 buckler (worn)
 i - an orb of mayhem
 q - a +0 pair of gloves (worn)
 r - a scarf of invisibility (worn)
Scrolls
 g - a scroll of blinking {unknown}
 k - a scroll of fog {unknown}
 l - a scroll of amnesia {unknown}
 m - a scroll of identify {unknown}
 n - a scroll of noise {unknown}
 p - a scroll of torment {unknown}
Potions
 d - a potion of might
 e - 2 potions of resistance {unknown}
 f - a potion of enlightenment {unknown}
 h - 2 potions of haste {unknown}
 j - a potion of curing {unknown}
 o - a potion of heal wounds {unknown}


   Skills:
 - Level 2.6 Fighting
 + Level 4.9 Long Blades
 - Level 2.6 Armour
 - Level 2.6 Shields


You had 3 spell levels left.
You didn't know any spells.
Your spell library contained the following spells:

 Spells                   Type           Power      Damage    Failure   Level
 Shock                    Conj/Air       0%         1d3       86%         1
 Swiftness                Air            0%         N/A       99%         3
 Airstrike                Air            0%         2d(0-16)  100%        4


Dungeon Overview and Level Annotations

Branches:
Dungeon (4/15)
 Temple: D:4-7


Innate Abilities, Weirdness & Mutations

You have an increased reservoir of magic. (+10% MP)
You shall have no god before yourself.
Your divine heritage dramatically boosts your attributes as you level up.


Message History

The kobold barely misses you. The orc hits you with a +0 flail.
* * * LOW HITPOINT WARNING * * *
Something hits you but does no damage. You block the kobold's attack.
Unknown command.
You barely miss the orc.
The orc is heavily wounded.
The orc hits you with a +0 flail.
* * * LOW HITPOINT WARNING * * *
The kobold barely misses you.
You barely miss the kobold. You block the orc's attack.
You block the kobold's attack.
You hit the kobold but do no damage. The orc hits you but does no damage.
The kobold hits you with a +0 short sword.
* * * LOW HITPOINT WARNING * * *
The kobold hits you with a +0 short sword.
* * * LOW HITPOINT WARNING * * *
Unknown command.
You hit the kobold.
You kill the kobold!
Unknown command.
You hit something. Something hits you.
* * * LOW HITPOINT WARNING * * *
You hit the orc.
The orc is severely wounded.
The orc hits you with a +0 flail.
* * * LOW HITPOINT WARNING * * *
Something hits you but does no damage.
You hit the orc but do no damage.
The orc is severely wounded.
The orc barely misses you.
You hear some strange, mumbled words.
You are confused.
The white imp gestures at you.
The puff of frost hits something!
Reactivating autopickup.
You feel a bit more experienced.
Unknown command.
You're too confused to move!
The orc hits you with a +0 flail!
You die...

......##.##..........# .
....####..........#..# ## ...
......#..............##.#.....
..........<..............$....
....<.........###.....#.......
..............##.o......#.....
..............#5o5o.....# ....
..............)o###...........
...............o@##...........
...#....#........##....##.....
...##..##..............# #...
.#...<.###..............# ...
.##....# #................
.##....####..............#
......................
......####.............
)...#..# ##........


You could see a white imp and 2 orcs.

Vanquished Creatures
  3 gnolls (D:3)
  6 adders
  An ufetubus (D:4)
  A worm (D:3)
  4 dart slugs
  3 orcs (D:4)
  7 ball pythons
  A bat (D:3)
  3 endoplasms
  A giant cockroach (D:1)
  3 goblins
  5 hobgoblins
  A quokka (D:4)
  3 kobolds
  A rat (D:1)
43 creatures vanquished.

Vanquished Creatures (others)
  An orc wizard (D:4)
1 creature vanquished.

Grand Total: 44 creatures vanquished

Notes
Turn   | Place    | Note
-------+----------+-------------------------------------------
     0 | D:1      | lunkers the Demigod Fighter began the quest for the Orb.
     0 | D:1      | Reached XP level 1. HP: 18/18 MP: 3/3
    42 | D:1      | Reached skill level 2 in Long Blades
   143 | D:1      | Reached XP level 2. HP: 25/25 MP: 4/4
   341 | D:2      | Reached skill level 3 in Long Blades
   345 | D:2      | Reached XP level 3. HP: 8/30 MP: 5/5
   814 | D:3      | Reached skill level 4 in Long Blades
   871 | D:3      | Reached XP level 4. HP: 37/37 MP: 6/6
  1480 | D:4      | Slain by an orc

Illustrated notes

Levels and vault maps discovered:
D:1:      reono_arrival_forest_river, layout_rooms
D:2:      layout_basic
D:3:      layout_loops_ring
D:4:      layout_cave_pools, fedhas_altar_decomposition,
          nicolae_overflows_in_rows, serial_shops, nicolae_shop_rolling_square,
          chequers_jeans, uniq_menkaure

Skill      XL: |  1  2  3 |
---------------+----------+-----
Long Blades    | 2 3 4 |  4.9
Fighting       | |  2.6
Armour         | |  2.6
Shields        | |  2.6

Action                     |  1- 3 |  4- 6 || total
---------------------------+-------+-------++-------
  Melee: Long sword        |    92 |    72 ||   164
 Armour: Scale mail        |    46 |    26 ||    72
  Dodge: Dodged            |    38 |    56 ||    94
  Block: Buckler           |    17 |    20 ||    37

Table legend: (Time is in decaauts)
 A = Elapsed time spent in this place.
 B = Non-inter-level travel time spent in this place.
 C = Inter-level travel time spent in this place.
 D = Time resting spent in this place.
 E = Time spent auto-exploring this place.
 F = Levels seen in this place.
 G = Mean time per level.
                   A        B        C        D        E       F      G
               +--------+--------+--------+--------+--------+-----+--------+
         Total |   1522 |   1510 |     12 |      0 |   1122 |   4 |  380.5 |
       Dungeon |   1522 |   1510 |     12 |      0 |   1122 |   4 |  380.5 |
               +--------+--------+--------+--------+--------+-----+--------+

Top non-repeatable levels by time:
     D:3: 529 daAuts
     D:2: 387 daAuts
     D:1: 321 daAuts
     D:4: 284 daAuts
